 Dungeon Crawl Stone Soup version 0.27.1 (webtiles) character file.

Game seed: 11878152066625034553

75 Descartes the Slasher (level 4, -6/23 HPs)
             Began as a Vine Stalker Chaos Knight on Sept 4, 2021.
             Was a Plaything of Xom.
             Mangled by a salamander (shapeshifter) (13 damage)
             ... on level 3 of the Dungeon.
             The game lasted 00:02:32 (1739 turns).

Descartes the Slasher (Vine Stalker Chaos Knight)   Turns: 1739, Time: 00:02:32

Health: -6/23      AC:  8    Str: 15    XL:     4   Next: 31%
Magic:  0/5        EV:  8    Int: 12    God:    Xom [*.....]
Gold:   53         SH:  0    Dex: 14    Spells: 3/3 levels left

rFire    . . .     SeeInvis .   a - +0 falchion (chaos)
rCold    . . .     Faith    .   (no shield)
rNeg     . . .     Spirit   +   b - +2 leather armour
rPois    .         Reflect  .   (no helmet)
rElec    .         Harm     .   (no cloak)
rCorr    .         Rampage  .   (no gloves)
Will     .....                  c - +2 pair of boots
Stlth    +.........             (no amulet)
HPRegen  1.07/turn              (no ring)
MPRegen  0.09/turn              (no ring)

@: constricted
A: fangs 2, regeneration 1, magic shield, antimagic bite, no potion heal 2
a: Renounce Religion


You were on level 3 of the Dungeon.
You worshipped Xom.
You were a special plaything of Xom.
You visited 1 branch of the dungeon, and saw 3 of its levels.

You collected 53 gold pieces.

Inventory:

Hand Weapons
 a - a +0 falchion of chaos (weapon)
Armour
 b - a +2 leather armour (worn)
 c - a +2 pair of boots (worn)
Wands
 k - a wand of flame (16)
Scrolls
 d - a scroll of amnesia {unknown}
 g - a scroll of immolation {unknown}
 h - a scroll of enchant weapon {unknown}
 i - a scroll of teleportation {unknown}
Potions
 e - a potion of invisibility {unknown}
 f - 2 potions of curing {unknown}
 j - a potion of might {unknown}


   Skills:
 - Level 2.6 Fighting
 + Level 4.5 Long Blades
 - Level 1.5 Armour
 - Level 0.7 Dodging


You had 3 spell levels left.
You didn't know any spells.
Your spell library contained the following spells:

 Spells                   Type           Power      Damage    Failure   Level
 Apportation              Tloc           0%         N/A       38%         1
 Pain                     Necr           0%         1d4       38%         1
 Agony                    Necr           0%         N/A       100%        5
 Alistair's Intoxication  Tmut/Pois      0%         N/A       100%        5
 Excruciating Wounds      Necr           0%         N/A       100%        5
 Invisibility             Hex            0%         N/A       100%        6


Dungeon Overview and Level Annotations

Branches:
Dungeon (3/15)

Altars:


Innate Abilities, Weirdness & Mutations

You have extremely sharp teeth.
Your natural rate of healing is unusually fast.
When hurt, damage is shared between your health and your magic reserves.
Your bite disrupts and absorbs the magic of your enemies.
Potions cannot restore your health.


Message History

No target in view!
No target in view!
No target in view!
No target in view!
No target in view!
No target in view!
No target in view!
No target in view!
No target in view!
No target in view!
A kobold is nearby!
A ball python comes into view.
The ball python hisses angrily.
The kobold barely misses you.
You riposte.
You hit the kobold.
The kobold changes into a shapeshifter!
The shapeshifter is moderately wounded.
You barely miss the shapeshifter. Your bite misses the shapeshifter.
The shapeshifter is moderately wounded.
The shapeshifter changes into a salamander!
You hit the salamander.
The salamander seems to grow stronger.
You bite the salamander, but do no damage.
The salamander is lightly wounded.
You hit the salamander but do no damage.
You bite the salamander. You drain its power.
The salamander is lightly wounded.
The salamander picks up a +0 dagger.
The salamander wields a +0 dagger.
The ball python bites you but does no damage.
The ball python grabs you. The ball python constricts you.
You hit the ball python.
The ball python is moderately wounded.
The salamander picks up 4 stones.
The ball python bites you but does no damage.
The ball python constricts you.
The salamander hits you with a +0 dagger!!
Ouch! That really hurt!
A shower of butterflies erupts from you!
You are engulfed in flames!
Ouch! That really hurt!
You die...
Xom bursts into laughter!

#......# #.#
#...#
#......## #.#
#...#
#.......# #.#
##'##
#.......###.#
#.#######
####.....##.#
#........
#.!..)##.
#########
####...b.#
.......bbb#
........@.#
.........NS#
.......###.b#
...#### ....
... ....#
....# ....#
....#


You could see a salamander shaped shifter (strong, ally target) and a ball
python.

Vanquished Creatures
  2 adders (D:2)
  2 worms (D:2)
  9 ball pythons
  9 endoplasms
  A giant cockroach (D:1)
  3 goblins
  3 hobgoblins
  6 jackals
  5 frilled lizards
  2 kobolds (D:2)
  7 rats
49 creatures vanquished.

Notes
Turn   | Place    | Note
-------+----------+-------------------------------------------
     0 | D:1      | Descartes the Vine Stalker Chaos Knight began the quest for
                  | the Orb.
     0 | D:1      | Reached XP level 1. HP: 11/11 MP: 2/2
    43 | D:1      | Reached skill level 3 in Long Blades
   281 | D:1      | Reached XP level 2. HP: 16/16 MP: 3/3
   699 | D:1      | XOM: silly message
   743 | D:2      | Reached XP level 3. HP: 19/19 MP: 4/4
   783 | D:2      | Reached skill level 4 in Long Blades
   894 | D:2      | XOM: 3-stop teleportation journey
   972 | D:2      | XOM: silly message
   994 | D:2      | XOM: cloud trail
  1214 | D:2      | Gained mutation: Your natural rate of healing is unusually
                  | fast. [Vine Stalker growth]
  1214 | D:2      | Reached XP level 4. HP: 21/23 MP: 3/5
  1300 | D:2      | Found a faded altar of an unknown god.
  1735 | D:3      | Noticed a shapeshifter
  1735 | D:3      | a kobold changed into a shapeshifter
  1736 | D:3      | Noticed a salamander
  1736 | D:3      | a shapeshifter changed into a salamander
  1739 | D:3      | XOM: butterfly on damage
  1739 | D:3      | Mangled by a salamander (shapeshifter)

Illustrated notes

Levels and vault maps discovered:
D:1:      minmay_arrival_three_doors, layout_rooms, kennysheep_small_spiral
D:2:      layout_basic, ebering_ecumenical_altar_webs
D:3:      layout_basic, minmay_misc_feat_room, uniq_terence

Skill      XL: |  1  2  3 |
---------------+----------+-----
Long Blades    | 3 4 |  4.5
Fighting       | |  2.6
Armour         | |  1.5
Dodging        | |  0.7

Action                   |  1- 3 |  4- 6 || total
-------------------------+-------+-------++-------
Melee: Falchion          |    78 |    42 ||   120
       Bite              |    20 |    15 ||    35
 Stab: Sleeping          |     1 |       ||     1
       Paralysed         |       |     1 ||     1
Armor: Leather armour    |    40 |    25 ||    65
Dodge: Dodged            |    47 |    15 ||    62
       Rpst.: Falchion   |    20 |     7 ||    27
